 Dungeon Sprint DCSS version 0.21.2 (webtiles) character file.

563 schets the Destroyer (level 7, -1/56 HPs)
             Began as a Gnoll Conjurer on Oct 14, 2018.
             Was an Initiate of Cheibriados.
             Slain by a human (7 damage)
             ... in the Dungeon (Sprint III: "The Ten Rune Challenge").
             The game lasted 00:02:58 (768 turns).

schets the Destroyer (Gnoll Conjurer)                Turns: 768, Time: 00:02:59

Health: -1/56      AC:  2    Str: 11    XL:     7   Next: 32%
Magic:  5/17       EV: 17    Int: 20    God:    Cheibriados [......]
Gold:   37         SH:  0    Dex: 17    Spells: 10/20 levels left

rFire    . . .     SeeInvis .   k - +2 dagger (holy)
rCold    . . .     Gourm    .   (no shield)
rNeg     . . .     Faith    .   a - +0 robe
rPois    +         Spirit   .   (no helmet)
rElec    .         Reflect  .   (no cloak)
rCorr    .         Harm     .   (no gloves)
MR       .....     NoTele   +   (no boots)
Stlth    +++.......             (no amulet)
HPRegen  0.18/turn              (no ring)
MPRegen  0.15/turn              (no ring)

@: slow
A: distributed training, fangs 1, hooves 1, mutation resistance 1, poison
resistance, strong nose
a: Bend Time, Renounce Religion


You were in the Dungeon.
You worshipped Cheibriados.
Cheibriados was noncommittal.
You were hungry.

You visited 1 branch You collected 37 gold pieces.

Inventory:

Hand Weapons
 k - a +2 dagger of holy wrath (weapon)
Armour
 a - a +0 robe (worn)
Scrolls
 i - a scroll of blinking
 l - a scroll of enchant armour {unknown}
 m - 2 scrolls of torment {unknown}
 n - a scroll of identify {unknown}
 o - 3 scrolls of remove curse
 q - a scroll of enchant weapon {unknown}
Potions
 d - a potion of curing
 e - 2 potions of mutation
 f - a potion of haste
 g - a potion of magic
 h - a potion of berserk rage
 p - 2 potions of flight {unknown}
Books
 b - a book of Conjurations

   Spells                             Type                      Level
   a - Magic Dart                     Conjuration                  1
   b - Searing Ray                    Conjuration                  2
   c - Dazzling Spray                 Conjuration/Hexes            3
   d - Fulminant Prism                Conjuration/Hexes            4
   e - Force Lance                    Conjuration/Translocation    4
   f - Iskenderun's Mystic Blast      Conjuration                  4
Miscellaneous
 j - a fan of gales
Comestibles
 c - 4 rations


   Skills:
 + Level 5.3 Fighting
 + Level 5.3 Short Blades
 + Level 5.3 Long Blades
 + Level 5.3 Axes
 + Level 5.3 Maces & Flails
 + Level 5.3 Polearms
 + Level 5.3 Staves
 + Level 5.3 Slings
 + Level 5.3 Bows
 + Level 5.3 Crossbows
 + Level 5.3 Throwing
 + Level 5.3 Armour
 + Level 7.1 Dodging
 + Level 6.8 Stealth
 + Level 5.3 Shields
 + Level 5.3 Unarmed Combat
 + Level 7.4 Spellcasting
 + Level 8.4 Conjurations
 + Level 4.3 Hexes
 + Level 4.3 Charms
 + Level 4.3 Summonings
 + Level 4.3 Necromancy
 + Level 4.3 Translocations
 + Level 4.3 Transmutations
 + Level 4.3 Fire Magic
 + Level 4.3 Ice Magic
 + Level 4.3 Air Magic
 + Level 4.3 Earth Magic
 + Level 4.3 Poison Magic
 + Level 5.8 Invocations
 + Level 5.3 Evocations


You had 10 spell levels left.
You knew the following spells:

 Your Spells              Type           Power        Failure   Level  Hunger
a - Magic Dart            Conj           ####         1%          1    None
b - Searing Ray           Conj           #####.       1%          2    None
c - Dazzling Spray        Conj/Hex       ####..       1%          3    #......
d - Fulminant Prism       Conj/Hex       ####......   6%          4    ###....


Dungeon Overview and Level Annotations

Branches:
Dungeon (1/1)

Altars:
Cheibriados
Dithmenos
Fedhas
Gozag
Hepliaklqana
Makhleb
Nemelex Xobeh
Okawaru
Qazlal
Ru
Trog
Uskayaw
Wu Jian
Xom
Yredelemnul
Beogh
Jiyva
Lugonu

Annotations:
D exclusion: door


Innate Abilities, Weirdness & Mutations

Your experience applies equally to all skills.
You have very sharp teeth.
Your uncanny sense of smell can sniff out nearby items.
You have large cloven feet.
You are somewhat resistant to further mutation.
Your system is resistant to poisons. (rPois)


Message History

You impale the human!! You kick the human, but do no damage.
The human is severely wounded.
The human hits you! The human barely misses you.
Unknown command.
Casting: Dazzling Spray
Confirm with . or Enter, or press ? or * to list all spells.
Aiming: Searing Ray
Press: ? - help, Shift-Dir - straight line, f - human
Aim: a human, wielding a club (severely wounded, berserk, fast, unusually strong, blind)
The searing ray hits the human.
The human is almost dead. (Press . to maintain the ray.)
The human hits you with a club! The human hits you!
* * * LOW HITPOINT WARNING * * *
Unknown command.
The searing ray misses the human.
The human is no longer blind.
The human hits you with a club.
* * * LOW HITPOINT WARNING * * *
The human hits you!
You die...

▓▓▓▓ ▓▓▓ ...♣♣ ♣.#
######## ∆∆ ....♣♣ ♣.#
#___#__#∆∆∆ .....♣♣
♣♣.#∆ #__.#._#∆∆
....≈.♣♣♣..###+#p###'##
∆
...≈≈♣.♣...#...p@..[..#∆
..≈≈≈≈.♣♣..'.⌠........#
∆
..≈≈≈≈≈≈...#...######'#
∆
.≈≈≈≈≈≈....#.⌠.#__#...#
.≈≈≈≈≈.....#...#__#...#
.≈≈≈.......#+###__#...#
†..........# ∆∆#__#...+
...........# #__'...#
▓▓▓▓▓▓▓▓▓▓▓▓ ▓▓▓▓▓▓▓▓


You could see 2 humans.

Vanquished Creatures
  A shadow (D)
  A spatial vortex (D)
  A necrophage (D)
  A water elemental (D)
  A scorpion (D)
  A jelly (D)
  Jessica (D)
  A necromancer (D)
  A human (D)
  An ooze (D)
  2 rats (D)
12 creatures vanquished.

Vanquished Creatures (others)
  2 draconian scorchers (D)
  6 hellions (D)
  2 yaktaurs (D)
  6 fulminant prisms (D)
16 creatures vanquished.

Grand Total: 28 creatures vanquished

Notes
Turn   | Place    | Note
-------+----------+-------------------------------------------
     0 | D        | schets the Gnoll Conjurer began the quest for the Orb.
     0 | D        | Reached XP level 1. HP: 13/13 MP: 6/6
     8 | D        | Reached skill level 5 in Spellcasting
     8 | D        | Reached skill level 1 in Invocations
    61 | D        | Noticed Jessica
    64 | D        | Killed Jessica
    64 | D        | Reached skill level 1 in Fighting
    64 | D        | Reached skill level 1 in Short Blades
    64 | D        | Reached skill level 1 in Long Blades
    64 | D        | Reached skill level 1 in Axes
    64 | D        | Reached skill level 1 in Maces & Flails
    64 | D        | Reached skill level 1 in Polearms
    64 | D        | Reached skill level 1 in Staves
    64 | D        | Reached skill level 1 in Slings
    64 | D        | Reached skill level 1 in Bows
    64 | D        | Reached skill level 1 in Crossbows
    64 | D        | Reached skill level 1 in Throwing
    64 | D        | Reached skill level 1 in Armour
    64 | D        | Reached skill level 1 in Shields
    64 | D        | Reached skill level 1 in Unarmed Combat
    64 | D        | Reached skill level 1 in Hexes
    64 | D        | Reached skill level 1 in Charms
    64 | D        | Reached skill level 1 in Summonings
    64 | D        | Reached skill level 1 in Necromancy
    64 | D        | Reached skill level 1 in Translocations
    64 | D        | Reached skill level 1 in Transmutations
    64 | D        | Reached skill level 1 in Fire Magic
    64 | D        | Reached skill level 1 in Ice Magic
    64 | D        | Reached skill level 1 in Air Magic
    64 | D        | Reached skill level 1 in Earth Magic
    64 | D        | Reached skill level 1 in Poison Magic
    64 | D        | Reached skill level 1 in Evocations
    64 | D        | Reached XP level 2. HP: 21/22 MP: 4/8
    64 | D        | Reached XP level 3. HP: 26/27 MP: 4/9
    89 | D        | Killed a hellion
    90 | D        | Killed a hellion
    91 | D        | Killed a hellion
    91 | D        | Killed a hellion
   103 | D        | Learned a level 2 spell: Searing Ray
   107 | D        | Learned a level 3 spell: Dazzling Spray
   113 | D        | Killed a hellion
   114 | D        | Killed a hellion
   162 | D        | Killed a white draconian scorcher
   206 | D        | Reached skill level 5 in Dodging
   217 | D        | Killed a yaktaur
   291 | D        | Noticed a scorpion
   305 | D        | Killed a scorpion
   305 | D        | Reached skill level 5 in Stealth
   305 | D        | Reached XP level 4. HP: 34/34 MP: 6/11
   311 | D        | Killed a white draconian scorcher
   336 | D        | Gained mutation: You tend to lose your temper in combat. [potion of mutation]
   336 | D        | Gained mutation: You are agile. (Dex +2) [potion of mutation]
   336 | D        | Gained mutation: You have a pair of small antennae on your head. [potion of mutation]
   337 | D        | Lost mutation: You are agile. (Dex +2) [potion of mutation]
   337 | D        | Lost mutation: You have a pair of small antennae on your head. [potion of mutation]
   337 | D        | Gained mutation: You occasionally shout uncontrollably at your foes. [potion of mutation]
   337 | D        | Lost mutation: You occasionally shout uncontrollably at your foes. [potion of mutation]
   337 | D        | Gained mutation: You have large cloven feet. [potion of mutation]
   338 | D        | Lost mutation: You tend to lose your temper in combat. [potion of mutation]
   338 | D        | Gained mutation: You are somewhat resistant to further mutation. [potion of mutation]
   338 | D        | Gained mutation: Your system is resistant to poisons. (rPois) [potion of mutation]
   358 | D        | Noticed a water elemental
   361 | D        | Killed a water elemental
   361 | D        | Reached XP level 5. HP: 41/41 MP: 11/13
   388 | D        | Found a basalt altar of Yredelemnul.
   388 | D        | Found a shadowy altar of Dithmenos.
   388 | D        | Found a sacrificial altar of Ru.
   388 | D        | Noticed a necrophage
   401 | D        | Killed a necrophage
   401 | D        | Reached skill level 8 in Conjurations
   401 | D        | Reached XP level 6. HP: 35/48 MP: 6/15
   488 | D        | Killed a yaktaur
   492 | D        | Noticed a shadow
   494 | D        | Killed a shadow
   494 | D        | Reached skill level 5 in Invocations
   497 | D        | Reached skill level 5 in Fighting
   497 | D        | Reached skill level 5 in Short Blades
   497 | D        | Reached skill level 5 in Long Blades
   497 | D        | Reached skill level 5 in Axes
   497 | D        | Reached skill level 5 in Maces & Flails
   497 | D        | Reached skill level 5 in Polearms
   497 | D        | Reached skill level 5 in Staves
   497 | D        | Reached skill level 5 in Slings
   497 | D        | Reached skill level 5 in Bows
   497 | D        | Reached skill level 5 in Crossbows
   497 | D        | Reached skill level 5 in Throwing
   497 | D        | Reached skill level 5 in Armour
   497 | D        | Reached skill level 5 in Shields
   497 | D        | Reached skill level 5 in Unarmed Combat
   497 | D        | Reached skill level 5 in Evocations
   497 | D        | Reached XP level 7. HP: 56/56 MP: 12/17
   541 | D        | Found a blossoming altar of Fedhas.
   541 | D        | Found a stormy altar of Qazlal.
   542 | D        | Found a snail-covered altar of Cheibriados.
   542 | D        | Found a burning altar of Makhleb.
   542 | D        | Found a hazy altar of Hepliaklqana.
   542 | D        | Found a shimmering altar of Xom.
   542 | D        | Found an opulent altar of Gozag.
   542 | D        | Found a sparkling altar of Nemelex Xobeh.
   542 | D        | Found a corrupted altar of Lugonu.
   542 | D        | Found a viscous altar of Jiyva.
   542 | D        | Noticed a spatial vortex
   556 | D        | Learned a level 4 spell: Fulminant Prism
   657 | D        | Killed a spatial vortex
   733 | D        | Became a worshipper of Cheibriados the Contemplative
   756 | D        | Found a hide-covered altar of Uskayaw.
   756 | D        | Found a roughly hewn altar of Beogh.
   756 | D        | Found an iron altar of Okawaru.
   756 | D        | Found a bloodstained altar of Trog.
   756 | D        | Found an ornate altar of the Wu Jian Council.
   756 | D        | Noticed a human
   757 | D        | Noticed a human
   768 | D        | Slain by a human

Skill      XL: |  1  2  3  4  5  6  7 |
---------------+----------------------+-----
Spellcasting   | 5 6 7 |  7.4
Invocations    | 2 3 4 5 |  5.8
Fighting       | 1 2 3 4 5 |  5.3
Short Blades   | 1 2 3 4 5 |  5.3
Long Blades    | 1 2 3 4 5 |  5.3
Axes           | 1 2 3 4 5 |  5.3
Maces & Flails | 1 2 3 4 5 |  5.3
Polearms       | 1 2 3 4 5 |  5.3
Staves         | 1 2 3 4 5 |  5.3
Slings         | 1 2 3 4 5 |  5.3
Bows           | 1 2 3 4 5 |  5.3
Crossbows      | 1 2 3 4 5 |  5.3
Throwing       | 1 2 3 4 5 |  5.3
Armour         | 1 2 3 4 5 |  5.3
Shields        | 1 2 3 4 5 |  5.3
Unarmed Combat | 1 2 3 4 5 |  5.3
Hexes          | 1 2 3 4 |  4.3
Charms         | 1 2 3 4 |  4.3
Summonings     | 1 2 3 4 |  4.3
Necromancy     | 1 2 3 4 |  4.3
Translocations | 1 2 3 4 |  4.3
Transmutations | 1 2 3 4 |  4.3
Fire Magic     | 1 2 3 4 |  4.3
Ice Magic      | 1 2 3 4 |  4.3
Air Magic      | 1 2 3 4 |  4.3
Earth Magic    | 1 2 3 4 |  4.3
Poison Magic   | 1 2 3 4 |  4.3
Evocations     | 1 2 3 4 5 |  5.3
Dodging        | 5 6 7 |  7.1
Stealth        | 5 6 |  6.8
Conjurations   | 8 |  8.4

Action                   |  1- 3 |  4- 6 |  7- 9 || total
-------------------------+-------+-------+-------++-------
Melee: Dagger            |     4 |     6 |     5 ||    15
       Kick              |       |       |     1 ||     1
 Cast: Magic Dart        |     7 |       |     2 ||     9
       Dazzling Spray    |     2 |     1 |     1 ||     4
       Searing Ray       |     2 |     3 |     1 ||     6
       Fulminant Prism   |       |       |     6 ||     6
Invok: Bend Time         |       |       |     1 ||     1
  Use: Potion            |     2 |     3 |       ||     5
 Stab: Invisible         |     1 |       |     1 ||     2
       Sleeping          |       |     2 |       ||     2
Dodge: Dodged            |    11 |     5 |     5 ||    21
